 Dungeon Crawl Stone Soup version 0.19-a0-585-ge40200b (webtiles) character file.

14 ololoev the Magician (level 2, 0/15 HPs)
             Began as a Deep Elf Fire Elementalist on June 9, 2016.
             Succumbed to an adder's poison
             ... on level 3 of the Dungeon.
             The game lasted 00:00:56 (197 turns).

ololoev the Magician (Deep Elf Fire Elementalist)    Turns: 197, Time: 00:00:57

Health: 0/15       AC:  3    Str:  5    XL:     2   Next: 31%
Magic:  2/8        EV: 13    Int: 19    God:
Gold:   9          SH:  0    Dex: 15    Spells: 1 memorised, 7 levels left

rFire  . . .     SeeInvis .     (no weapon)
rCold  . . .     Gourm    .     a - +0 robe
rNeg   . . .     Faith    .     (no shield)
rPois  .         Spirit   .     (no helmet)
rElec  .         Dismiss  .     (no cloak)
rCorr  .         Reflect  .     e - +0 pair of gloves
SustAt .         Harm     .     (no boots)
MR     .....                    (no amulet)
Stlth  ++........               (no ring)
                                (no ring)

@: lethally poisoned (0 -> -4), not resistant to hostile enchantments,
unstealthy
A: no striking features
a: no special abilities

Inventory:

Armour
 a - a +0 robe (worn)
 e - a +0 pair of gloves (worn)
Scrolls
 d - a scroll of enchant weapon {unknown}
 i - a scroll of blinking {unknown}
 j - a scroll of teleportation {unknown}
Books
 b - a book of Flames

   Spells                             Type                      Level
   a - Flame Tongue                   Conjuration/Fire             1
   b - Throw Flame                    Conjuration/Fire             2
   c - Conjure Flame                  Conjuration/Fire             3
   d - Inner Flame                    Hexes/Fire                   3
   e - Sticky Flame                   Conjuration/Fire             4
   f - Fireball                       Conjuration/Fire             5
 h - a book of Enchantments

   Spells                             Type                      Level
   a - Cause Fear                     Hexes                        4
   b - Yara's Violent Unravelling     Hexes/Transmutation          5
   c - Silence                        Hexes/Air                    5
   d - Deflect Missiles               Charms/Air                   6
   e - Haste                          Charms                       6
   f - Discord                        Hexes                        8
Comestibles
 c - 2 bread rations
 f - a meat ration
 g - a beef jerky


   Skills:
 - Level 2.4 Dodging
 - Level 2.4 Stealth
 + Level 3.5 Spellcasting
 * Level 2.0 Conjurations
 + Level 3.4 Fire Magic


You had 7 spell levels left.
You knew the following spells:

 Your Spells              Type           Power        Failure   Level  Hunger
a - Flame Tongue          Conj/Fire      ##...        6%          1    None


You were on level 3 of the Dungeon.
You were not hungry.

You visited 1 branch of the dungeon, and saw 3 of its levels.

You collected 9 gold pieces.

................# ..#
............†...######.#
.....................#.#
r....................#
.....................#
........#............#
.##..######w.........#
.... ####..........##
.### .........@.......
######.########## #.#
#.# #.# #.# #.

Notes
Turn   | Place    | Note
--------------------------------------------------------------
     0 | D:1      | ololoev the Deep Elf Fire Elementalist began the quest for the Orb.
     0 | D:1      | Reached XP level 1. HP: 10/10 MP: 6/6
   179 | D:3      | Reached XP level 2. HP: 8/15 MP: 0/8
   197 | D:3      | Succumbed to an adder's poison

Dungeon Overview and Level Annotations

Branches:
Dungeon (3/15)

Altars:


Message History

Aim: a worm (moderately wounded)
The flame tongue hits the worm.
The worm is heavily wounded.
The worm closely misses you.
You see here a rat corpse.
Found 7 gold pieces.
Found a stone staircase leading down.
You see here a bread ration.
c - 2 bread rations (gained 1)
Found a whip.
You see here 7 gold pieces.
You now have 9 gold pieces (gained 7).
Found a hardcover book.
An adder comes into view.
Found a scroll labeled LIAROA RUDAZA.
Found a scroll labeled LIACRE INWOSU.
Casting: Flame Tongue
Confirm with . or Enter, or press ? or * to list all spells.
Aiming: Flame Tongue
Press: ? - help, Shift-Dir - straight line, f - adder, p - worm
Aim: an adder The flame tongue hits the adder.
The adder is severely wounded.
The adder bites you but does no damage. The adder closely misses you.
Casting: Flame Tongue
Confirm with . or Enter, or press ? or * to list all spells.
Aiming: Flame Tongue
Press: ? - help, Shift-Dir - straight line, f/p - adder
Aim: an adder (severely wounded)
The flame tongue misses the adder.
The adder closely misses you.
Casting: Flame Tongue
Confirm with . or Enter, or press ? or * to list all spells.
Aiming: Flame Tongue
Press: ? - help, Shift-Dir - straight line, f/p - adder
Aim: an adder (severely wounded)
The flame tongue hits the adder.
The adder is almost dead.
The adder bites you.
You are poisoned.
The adder poisons you!
You feel sick.
There is a stone staircase leading down here.
The adder misses you.
You feel sick.
You barely miss the adder.
The adder is almost dead.
The adder barely misses you.
You barely miss the adder.
The adder is almost dead.
The adder closely misses you. x2
You closely miss the adder.
The adder is almost dead.
You feel sick. The adder barely misses you.
You completely miss the adder.
The adder is almost dead.
The adder bites you.
You are lethally poisoned!
The adder poisons you!
You hit the adder.
You kill the adder!
Your Conjurations skill increases to level 2!
You have reached level 2!
You feel sick.
You see here an adder corpse.
You feel sick.
You feel sick.
You see here a hardcover book.
h - a book of Enchantments You feel sick.
You aren't carrying any potions.
Unknown command.
A quokka comes into view.
You feel sick.
You see here a scroll labeled LIAROA RUDAZA.
i - a scroll labeled LIAROA RUDAZA You feel sick.
The worm misses you.
You see here a scroll labeled LIACRE INWOSU.
j - a scroll labeled LIACRE INWOSU You feel sick.
You die...

You could see a worm.

Vanquished Creatures
  An adder (D:3)
  A bat (D:3)
  A goblin (D:1)
  A quokka (D:2)
  A rat (D:3)
5 creatures vanquished.

Action                   || total
-------------------------++-------
Melee: Unarmed           ||     5
 Cast: Flame Tongue      ||    12
Armor: Robe              ||     3
Dodge: Dodged            ||    12

Vault maps used:
D:1:      wheals_arrival_linesprint
D:2:      nicolae_overflow_hidden_temple, lemuel_zombie_altar_yredelemnul,
          ecumenical_altar_2
D:3:      minmay_statues_item, uniq_natasha
